Description

For a more indepth Guide visit: http://www.teamliquid.net/forum/sc2-strategy/518963-zvp-swarmhost-infestor-vs-all-protoss-styles#1


We get a Quick +1 Melee Upgrade to help lings / banes deal with Adepts / Stalkers. Roaches are used to stop massive Adept attacks. The Goal is to have ~44 Drones 3 Hatcheries and around 20 Swarmhosts at 8:30 constantly sending Locusts at our Opponent.

We use Infestors to eventually lock the Opponent down.

VOD

https://www.youtube.com/watch?v=vqaWD6LwT1c

Replay - Railgan v Rom - Bel'Shir Vestige LE (Void)

Build Order

Get SALT Encoding   

  12  0:01  Drone  
  13  0:12  Overlord  
  13  0:17  Drone  
  14  0:30  Drone x3  
  17  0:53  Hatchery  
  17  0:56  Drone x2  
  18  1:09  Extractor  
  17  1:12  Spawning Pool  
  17  1:15  Drone x2  
  18  1:28  Drone  
  19  1:38  Overlord  
  19  1:59  Queen, Zergling x2  
  23  2:05  Queen  
  26  2:14  Metabolic Boost  
  27  2:22  Zergling x4  
  29  2:25  Evolution Chamber  
  28  2:32  Zergling x4  
  28  2:34  Queen  
  32  2:44  Queen  
  36  3:04  Zerg Melee Weapons Level 1  
  36  3:12  Overlord  
  36  3:20  Overlord  
  36  3:21  Extractor  
  47  3:53  Lair  
  47  3:56  Extractor  
  47  3:59  Roach Warren  
  47  4:07  Zergling x2  
  52  4:31  Extractor x2  
  52  4:33  Overlord  
  50  4:41  Roach  
  52  4:56  Infestation Pit  
  52  4:59  Roach x2  
  60  5:00  Glial Reconstitution  
  60  5:04  Zergling x4  
  63  5:12  Zergling x4  
  63  5:13  Overseer  
  64  5:19  Hatchery  
  69  5:29  Zerg Melee Weapons Level 2  
  73  5:44  Roach  
  75  6:06  Roach x4  
  75  6:09  Hatchery  
  82  6:15  Baneling Nest  
  82  6:26  Swarm Host x4  
  90  6:34  Swarm Host x3  
  96  6:42  Swarm Host  
  101  6:55  Swarm Host  
  106  7:12  Baneling x9  
  117  7:45  Swarm Host  
  127  8:13  Spore Crawler, Spine Crawler  
  132  8:21  Overseer  
  136  9:25  Baneling  
  135  9:52  Infestor x2  
Spawning Tool Build Advisor. Get it on Overwolf

Go to:

Details

  • Created by: railgan      
  • Published on: Mar 26, 2017
  • Modified on: Jul 29, 2017
  • Patch: 3.8.0
Show
View Real Time Build Order
Export as new Build Order

Comments (0)

There are no comments. Be the first!

Create an account to comment!